 Seeded DCSS version 0.30-a0-187-gd9c2deaf24 (webtiles) character file.

Game seed: 10389257799748471964 (custom seed)

177995 valliere the Executioner (level 17, -8/158 HPs)
             Began as a Hill Orc Fighter on Oct 3, 2022.
             Was a High Priest of Qazlal.
             Killed from afar by an ironbound frostheart (11 damage)
             ... by creeping frost
             ... on level 1 of the Vaults.
             The game lasted 01:40:57 (27987 turns).

valliere the Executioner (Hill Orc Fighter)        Turns: 27987, Time: 01:41:02

Health: -8/158     AC: 38    Str: 27    XL:     17   Next: 86%
Magic:  28/36      EV:  9    Int:  8    God:    Qazlal [*****.]
Gold:   1464       SH: 34    Dex: 22    Spells: 16/16 levels left

rFire   + + .      SeeInvis .    h - +9 broad axe (protect)
rCold   + + +      Faith    .    S - +2 tower shield {rC+ rF+}
rNeg    + . .      Spirit   .    s - +1 ice dragon scales
rPois   +          Reflect  +    B - +0 helmet "Lyfoxtaa" {rF+ Stlth+}
rElec   .          Harm     .    V - +2 cloak {Stlth+}
rCorr   .          Rampage  +    j - +2 pair of gloves
Will    +....                    Z - +0 pair of boots "Plog" {Rampage}
Stlth   +.........               R - amulet of reflection
HPRegen 0.46/turn                v - ring of Accord {rPois rF- rC+++ MP+9 Dex+3}
MPRegen 0.25/turn                W - ring "Zitubis" {Fire rN+ Dex+9 Stlth-}

@: protected from cold, under a protective aura, repel missiles
A: talons 1, iridescent scales 1, fire resistance 1
}: 1/15 runes: serpentine
a: Renounce Religion, Upheaval, Elemental Force, Disaster Area


You were on level 1 of the Vaults.
You worshipped Qazlal.
Qazlal was extremely pleased with you.
You visited 5 branches of the dungeon, and saw 24 of its levels.
You also visited: Sewer and Gauntlet.

You collected 1920 gold pieces.
You spent 456 gold pieces at shops.

Inventory:

Hand Weapons
 h - a +9 broad axe of protection (weapon)
Missiles
 z - 3 throwing nets (quivered)
Armour
 j - a +2 pair of gloves (worn)
 s - +1 ice dragon scales (worn)
 B - the +0 helmet "Lyfoxtaa" (worn) {rF+ Stlth+}
   (You bought it in a shop on level 12 of the Dungeon)

   rF:        It protects you from fire.
   Stlth:     It makes you more stealthy.
 S - a +2 tower shield of resistance (worn)
 V - a +2 cloak of stealth (worn)
 Z - the +0 pair of boots "Plog" (worn) {Rampage}
   (You bought it in a shop on level 12 of the Dungeon)

   Rampage:   It bestows one free step when moving towards enemies.
Jewellery
 f - a +4 ring of protection
 l - a ring of resist corrosion
 m - a ring of positive energy
 u - a ring of flight
 v - the ring of Accord (left hand) {rPois rF- rC+++ MP+9 Dex+3}
   (You found it on level 2 of the Snake Pit)

   [ring of poison resistance]

   Dex:       It affects your dexterity (+3).
   rF:        It makes you vulnerable to fire.
   rC:        It renders you almost immune to cold.
   rPois:     It protects you from poison.
   MP:        It affects your magic capacity (+9).
 O - a +4 ring of protection
 R - an amulet of reflection (around neck)
 W - the ring "Zitubis" (right hand) {Fire rN+ Dex+9 Stlth-}
   (You found it in a Gauntlet)

   [ring of fire]

   It enhances your fire magic.
   Dex:       It affects your dexterity (+9).
   rF:        It protects you from fire.
   rC:        It makes you vulnerable to cold.
   rN:        It protects you from negative energy.
   Stlth:     It makes you less stealthy.
Wands
 b - a wand of mindburst (13)
 F - a wand of flame (36)
 G - a wand of iceblast (20)
 H - a wand of digging (10)
 K - a wand of quicksilver (14)
 M - a wand of charming (22)
 X - a wand of polymorph (4)
Scrolls
 e - 3 scrolls of amnesia
 k - 5 scrolls of magic mapping
 w - 5 scrolls of immolation
 x - 8 scrolls of teleportation
 y - 3 scrolls of butterflies
 A - a scroll of silence
 E - 5 scrolls of blinking
 N - 5 scrolls of fear
 P - 2 scrolls of poison
 T - 10 scrolls of identify
Potions
 a - 3 potions of lignification
 c - a potion of resistance
 d - 6 potions of might
 g - 7 potions of haste
 i - 5 potions of ambrosia
 n - 2 potions of cancellation
 p - 5 potions of heal wounds
 q - 3 potions of invisibility
 r - 2 potions of flight
 t - 2 potions of brilliance
 C - 11 potions of curing
 U - a potion of berserk rage
Miscellaneous
 J - a phantom mirror
 Y - a tin of tremorstones (2/2)


   Skills:
 + Level 15.9 Fighting
 + Level 23.1 Axes
 + Level 19.4 Armour
 + Level 1.7 Dodging
 + Level 14.9 Shields
 + Level 14.6 Invocations


You had 16 spell levels left.
You didn't know any spells.
Your spell library contained the following spells:

 Spells                   Type           Power      Damage    Failure   Level
 Necrotise                Necr           0%         1d4       96%         1
 Shock                    Conj/Air       0%         1d3       96%         1
 Blink                    Tloc           0%         N/A       99%         2
 Ensorcelled Hibernation  Hex/Ice        0%         N/A       99%         2
 Momentum Strike          Conj/Tloc      0%         3d8       99%         2
 Passwall                 Tmut/Erth      0%         N/A       99%         2
 Static Discharge         Conj/Air       0%         2-2/arc   99%         2
 Gell's Gravitas          Tloc           0%         N/A       100%        3
 Ignite Poison            Fire/Tmut/Pois 0%         N/A       100%        3
 Kindle Blastsparks       Fire/Tloc/Air  0%         2d10      100%        3
 Lesser Beckoning         Tloc           0%         N/A       100%        3
 Mephitic Cloud           Conj/Pois/Air  0%         N/A       100%        3
 Ozocubu's Armour         Ice            0%         N/A       100%        3
 Swiftness                Air            0%         N/A       100%        3
 Teleport Other           Tloc           0%         N/A       100%        3
 Tukima's Dance           Hex            0%         N/A       100%        3
 Vampiric Draining        Necr           0%         2d6       100%        3
 Vhi's Electric Charge    Tloc/Air       0%         N/A       100%        3
 Airstrike                Air            0%         2d(0-16)  100%        4
 Animate Dead             Necr           0%         N/A       100%        4
 Fulminant Prism          Conj/Hex       0%         3d6       100%        4
 Iskenderun's Mystic Bla  Conj/Tloc      0%         2d3       100%        4
 Manifold Assault         Tloc           0%         N/A       100%        4
 Passage of Golubria      Tloc           0%         N/A       100%        4
 Petrify                  Tmut/Erth      0%         N/A       100%        4
 Agony                    Necr           0%         N/A       100%        5
 Arcjolt                  Conj/Air       0%         1d10      100%        5
 Blade Hands              Tmut           0%         N/A       100%        5
 Borgnjor's Vile Clutch   Necr/Erth      0%         N/A       100%        5
 Freezing Cloud           Conj/Ice/Air   0%         6-21      100%        5
 Irradiate                Conj/Tmut      0%         3d11      100%        5
 Lee's Rapid Deconstruct  Erth           0%         3d5*      100%        5
 Lightning Bolt           Conj/Air       0%         1d11      100%        5
 Metabolic Englaciation   Hex/Ice        0%         N/A       100%        5
 Summon Forest            Summ/Tloc      0%         N/A       100%        5
 Yara's Violent Unravell  Hex/Tmut       0%         3d3       100%        5
 Death Channel            Necr           0%         N/A       100%        6
 Dispersal                Tloc           0%         N/A       100%        6
 Eringya's Noxious Bog    Tmut/Pois      0%         N/A       100%        6
 Statue Form              Tmut/Erth      0%         N/A       100%        6
 Dragon Form              Tmut           0%         N/A       100%        7
 Ozocubu's Refrigeration  Ice            0%         4d7       100%        7
 Storm Form               Tmut/Air       0%         N/A       100%        7
 Summon Hydra             Summ           0%         N/A       100%        7
 Maxwell's Capacitive Co  Air            0%         ∞         100%        8


Dungeon Overview and Level Annotations

Branches:
Dungeon (13/15)            Temple (1/1) D:6            Lair (5/5) D:9
 Shoals (0/4) Lair:2        Snake (4/4) Lair:2        Slime (0/5) Lair:4
    Orc (0/2) D:9          Vaults (1/5) D:13          Sewer (visited)
Gauntlet (visited)

Altars:
Ashenzari
Cheibriados
Dithmenos
Elyvilon
Fedhas
Gozag
Hepliaklqana
Kikubaaqudgha
Makhleb
Nemelex Xobeh
Okawaru
Qazlal
Ru
Sif Muna
Trog
Uskayaw
Vehumet
Wu Jian
Xom
Yredelemnul
Zin
The Shining One
Jiyva

Shops:
D:7 (   D:12 [   Snake:1 :=[*

Portals:
Trove: D:13 (give 9 potions of haste)

Annotations:
D:4 1 runed translucent door


Innate Abilities, Weirdness & Mutations

You have sharp toenails.
You are partially covered in iridescent scales. (AC +2)
Your flesh is heat resistant. (rF+)


Message History

The cutting wind hits the harpy!!!
You kill the harpy!
Qazlal accepts your kill.
The cutting wind hits something!!!
Qazlal accepts your kill.
Reactivating autopickup.
You feel a bit more experienced.
The cutting wind hits the ironbound frostheart!!
The ironbound frostheart is severely wounded.
The cutting wind hits the harpy!!!
The harpy is almost dead.
The blast of ice hits the harpy!!
You kill the harpy!
Qazlal accepts your kill.
The blast of ice hits the ironbound thunderhulk!!
The ironbound thunderhulk is lightly wounded.
The ironbound thunderhulk is flash-frozen.
The blast of ice hits the ironbound preserver!!
The ironbound preserver is severely wounded.
The ironbound preserver is flash-frozen.
The blast of ice hits the yaktaur captain!!!
You kill the yaktaur captain!
Qazlal accepts your kill.
You kill the ironbound preserver!
Qazlal accepts your kill.
Electricity crackles from the ironbound thunderhulk's apparatus.
The bolt of lightning hits you!!
The ironbound frostheart is struck by lightning.
The ironbound frostheart calls freezing cold from the walls.
The frost grips you!! You partially resist.
* * * LOW HITPOINT WARNING * * *
Unknown command.
The ice encasing you melts away.
Electricity crackles from the ironbound thunderhulk's apparatus.
The bolt of lightning hits you!!
* * * LOW HITPOINT WARNING * * *
The ironbound frostheart calls freezing cold from the walls.
The frost grips you! You partially resist.
You feel protected from cold.
You die... #.......# #########... #.O.....# #... #.....(.# #... ..§†§.. #... §§p.) #... pp○

#... #)# #...
#######'##############...
......§☼@°...............
§§.......°...............
#########################


You could see an ironbound preserver, a vault warden, an ironbound thunderhulk
(frozen) and an ironbound frostheart.

Vanquished Creatures
  Rupert (D:13)
  6 nagarajas (Snake:4)
  2 vault wardens (Vaults:1)
  2 ironbound preservers (Vaults:1)
  An ironbound thunderhulk (Vaults:1)
  Nessos (Lair:3)
  A minotaur (Gauntlet)
  2 green deaths (Snake:2)
  2 yaktaur captains (Vaults:1)
  2 ironbound frosthearts (Vaults:1)
  4 salamander tyrants (Snake:3)
  Josephine (Lair:3)
  A hydra (Lair:4)
  2 ice dragons
  5 boulder beetles
  9 anacondas
  A death scarab (Gauntlet)
  4 two-headed ogres
  15 naga warriors
  10 shock serpents
  15 naga sharpshooters
  7 salamander mystics
  A skeletal warrior (D:10)
  2 sea snakes (Snake:3)
  11 naga ritualists
  A phantasmal warrior (D:13)
  2 ironbound convokers (Vaults:1)
  8 lindwurms
  A wizard (Vaults:1)
  3 harpies (Vaults:1)
  A necromancer (D:10)
  15 mana vipers
  4 ugly things
  2 oklob plants
  21 salamanders
  5 cyclopes
  4 manticores
  9 elephants
  3 centaur zombies (D:10)
  4 guardian serpents
  36 black mambas
  4 gargoyles
  15 naga magi
  2 vault sentinels (Vaults:1)
  6 torpor snails
  9 centaur skeletons (D:10)
  14 cane toads
  4 kobold demonologists
  Psyche (D:9)
  2 rime drakes
  2 unseen horror zombies (D:10)
  4 komodo dragons
  8 yaktaurs (Vaults:1)
  2 unseen horror skeletons (D:10)
  A queen bee (shapeshifter) (Lair:5)
  8 trolls
  2 queen bees
  A meliai (shapeshifter) (D:13)
  3 tyrant leeches (Lair:5)
  4 polar bears
  5 hornets
  7 blink frogs (Lair:1)
  9 slime creatures
  A snapping turtle (Lair:2)
  7 shadows
  7 wraiths
  4 flying skulls (D:10)
  8 wyverns
  49 yaks
  A spectral komodo dragon (Gauntlet)
  5 basilisks (Lair:2)
  6 steam dragons
  38 nagas
  Duvessa (D:7)
  6 acid dragons
  A floating eye (Lair:4)
  11 water moccasins
  A sky beast (D:7)
  5 ice beasts
  A black bear (D:6)
  6 orc warriors
  An ogre (D:7)
  3 boggarts (Vaults:1)
  6 wolves (Lair:2)
  3 phantoms
  4 centaurs
  5 kobold brigands
  14 bullfrogs
  A necrophage (D:5)
  3 scorpions
  5 gnoll sergeants
  9 wights
  Dowan (D:7)
  47 killer bees
  A howler monkey (D:9)
  11 electric eels
  A human zombie (D:4)
  5 jellies
  13 orc priests
  10 hounds
  4 gnoll boudas
  2 iguanas
  18 orc wizards
  A hell rat (Lair:2)
  2 howler monkey zombies (D:10)
  10 adders
  28 gnolls
  9 river rats
  2 shadow imps
  A white imp (D:5)
  An ufetubus (D:5)
  A worm (D:2)
  A dart slug (D:4)
  41 orcs
  6 endoplasms
  6 giant cockroaches
  8 goblins
  6 hobgoblins
  8 jackals
  5 quokkas
  7 ball pythons
  8 bats
  3 frilled lizards
  A goblin skeleton (D:4)
  31 kobolds
  26 rats
  2 bushes (Lair:1)
879 creatures vanquished.

Vanquished Creatures (collateral kills)
  A mana viper (Snake:4)
  A naga (Snake:3)
2 creatures vanquished.

Vanquished Creatures (others)
  A troll (D:11)
  An orc (D:7)
  A bush (Lair:5)
  12 fungi
  31 plants
  21 withered plants (Gauntlet)
67 creatures vanquished.

Grand Total: 948 creatures vanquished

Notes
Turn   | Place    | Note
-------+----------+-------------------------------------------
     0 | D:1      | valliere the Hill Orc Fighter began the quest for the Orb.
     0 | D:1      | Reached XP level 1. HP: 19/19 MP: 1/1
   222 | D:1      | Reached skill level 3 in Axes
   230 | D:1      | Reached XP level 2. HP: 25/27 MP: 2/2
   524 | D:1      | Identified a scroll of acquirement
   524 | D:1      | Acquired a +4 broad axe of electrocution
   773 | D:2      | Reached XP level 3. HP: 27/33 MP: 3/3
   912 | D:2      | Found a basalt altar of Yredelemnul.
  1207 | D:2      | Found a faded altar of an unknown god.
  1213 | D:2      | Prayed at the altar of an unknown god.
  1213 | D:2      | Became a worshipper of Xom the Less-Predictable
  1316 | D:2      | XOM: silly message
  1368 | D:2      | Reached skill level 4 in Axes
  1368 | D:2      | Reached XP level 4. HP: 40/40 MP: 4/4
  1369 | D:2      | XOM: cloud trail
  1395 | D:2      | XOM: divination: detect items
  1630 | D:3      | Found a glowing drain.
  1643 | D:3      | Reached XP level 5. HP: 46/47 MP: 5/5
  1649 | Sewer    | Entered a sewer
  1723 | Sewer    | Noticed a kobold brigand
  1731 | Sewer    | XOM: potion effect (brilliance)
  1732 | Sewer    | Killed a kobold brigand
  1733 | Sewer    | Reached skill level 5 in Axes
  1817 | Sewer    | Reached XP level 6. HP: 53/53 MP: 6/6
  1905 | Sewer    | Reached skill level 5 in Fighting
  1905 | Sewer    | Reached skill level 6 in Axes
  2049 | Sewer    | XOM: divination: detect items
  2056 | Sewer    | Reached XP level 7. HP: 60/61 MP: 7/7
  2136 | Sewer    | XOM: silly message
  2336 | Sewer    | Reached skill level 12 in Axes
  2336 | Sewer    | Reached XP level 8. HP: 75/75 MP: 8/8
  2941 | D:4      | Found a runed translucent door.
  2942 | D:4      | Found a basalt altar of Yredelemnul.
  3024 | D:4      | Found a white marble altar of Elyvilon.
  3084 | D:4      | Found a hazy altar of Hepliaklqana.
  3396 | D:5      | Entered Level 5 of the Dungeon
  3462 | D:5      | XOM: confuse monster(s)
  3463 | D:5      | XOM: swap monsters
  3732 | D:5      | Reached XP level 9. HP: 83/83 MP: 9/9
  4038 | D:5      | Found a stormy altar of Qazlal.
  4224 | D:5      | Fell from the grace of Xom
  4224 | D:5      | Became a worshipper of Qazlal Stormbringer
  4336 | D:6      | Reached skill level 1 in Invocations
  4354 | D:6      | Reached skill level 13 in Axes
  4436 | D:6      | Found a staircase to the Ecumenical Temple.
  4556 | Temple   | Entered the Ecumenical Temple
  4603 | D:6      | XOM: summons 8 hostile demons
  4604 | D:6      | Noticed a smoke demon
  5232 | D:7      | Noticed Dowan
  5242 | D:7      | Noticed Duvessa
  5246 | D:7      | Killed Dowan
  5254 | D:7      | Killed Duvessa
  5254 | D:7      | Reached * piety under Qazlal
  5460 | D:7      | Found Ogauczae's Weapon Shoppe.
  5547 | D:7      | Found a bloodstained altar of Trog.
  5732 | D:7      | Reached XP level 10. HP: 72/91 MP: 10/12
  5771 | D:7      | XOM: chaos cloud
  5836 | D:7      | XOM: give mutations
  5836 | D:7      | Gained mutation: You occasionally lose the ability to drink
                  | potions when taking damage. [Xom's mischief]
  5836 | D:7      | Gained mutation: You sometimes lose the ability to drink
                  | potions when taking damage. [Xom's mischief]
  5836 | D:7      | Gained mutation: You are weak. (Str -2) [Xom's mischief]
  5836 | D:7      | Gained mutation: You are dopey. (Int -2) [Xom's mischief]
  6148 | D:7      | XOM: summons 9 hostile demons
  6185 | D:7      | Reached ** piety under Qazlal
  6475 | D:7      | Noticed a gargoyle
  6479 | D:7      | Killed a gargoyle
  6480 | D:7      | Reached skill level 14 in Axes
  6611 | D:8      | Noticed a two-headed ogre
  6618 | D:8      | Killed a two-headed ogre
  6689 | D:8      | Reached skill level 10 in Fighting
  6761 | D:8      | Reached XP level 11. HP: 86/99 MP: 14/14
  7031 | D:8      | Found a sacrificial altar of Ru.
  7211 | D:8      | Reached *** piety under Qazlal
  7745 | D:9      | Found a staircase to the Orcish Mines.
  7760 | D:9      | Reached skill level 5 in Invocations
  7848 | D:9      | XOM: silly message
  8034 | D:9      | Found a staircase to the Lair.
  8039 | D:9      | Reached **** piety under Qazlal
  8055 | Lair:1   | Entered Level 1 of the Lair of Beasts
  8055 | Lair:1   | Noticed an oklob plant
  8065 | Lair:1   | XOM: potion effect (haste)
  8077 | Lair:1   | Reached skill level 15 in Axes
  8141 | Lair:1   | XOM: 1-stop teleportation journey
  8156 | Lair:1   | Reached skill level 10 in Shields
  8428 | Lair:1   | Reached skill level 10 in Armour
  8431 | Lair:1   | XOM: enchant monster (bad)
  8654 | Lair:1   | Reached XP level 12. HP: 108/108 MP: 16/16
  9441 | Lair:2   | Reached skill level 16 in Axes
  9459 | Lair:2   | Reached ***** piety under Qazlal
  9802 | Lair:2   | Reached skill level 17 in Axes
 10083 | Lair:2   | XOM: noise
 10172 | Lair:2   | Found a staircase to the Snake Pit.
 10487 | Lair:2   | Acquired a manual of Armour
 10637 | Lair:2   | Reached XP level 13. HP: 98/117 MP: 19/19
 10796 | Lair:2   | Found a staircase to the Shoals.
 10815 | Lair:3   | Noticed Josephine
 10824 | Lair:3   | Killed Josephine
 10824 | Lair:3   | Noticed Nessos
 11074 | Lair:3   | Killed Nessos
 11226 | Lair:3   | Found a gate leading to a gauntlet.
 11232 | Gauntlet | Entered a Gauntlet
 11232 | Gauntlet | Found a transporter.
 11232 | Gauntlet | Found a transporter.
 11237 | Gauntlet | Found a transporter.
 11252 | Gauntlet | Found a transporter.
 11266 | Gauntlet | Found a transporter.
 11279 | Gauntlet | Found a transporter.
 11295 | Gauntlet | Found a transporter.
 11361 | Gauntlet | Found a transporter.
 11376 | Gauntlet | Found a transporter.
 11392 | Gauntlet | Found a transporter.
 11404 | Gauntlet | Found a transporter.
 11406 | Gauntlet | Found a large runed translucent door.
 11406 | Gauntlet | Found a large runed translucent door.
 11407 | Gauntlet | Found a large runed translucent door.
 11407 | Gauntlet | Found a large runed translucent door.
 11408 | Gauntlet | Found a large runed translucent door.
 11408 | Gauntlet | Found a large runed translucent door.
 11408 | Gauntlet | Found a runed translucent door.
 11408 | Gauntlet | Found a runed translucent door.
 11408 | Gauntlet | Found a large runed translucent door.
 11409 | Gauntlet | Found a large runed translucent door.
 11416 | Gauntlet | Found a large runed translucent door.
 11416 | Gauntlet | Found a large runed translucent door.
 11417 | Gauntlet | Found a large runed translucent door.
 11417 | Gauntlet | Found a large runed translucent door.
 11418 | Gauntlet | Found a large runed translucent door.
 11418 | Gauntlet | Found a large runed translucent door.
 11482 | Gauntlet | Found a transporter.
 11492 | Gauntlet | Found a transporter.
 11498 | Gauntlet | Found a large runed translucent door.
 11499 | Gauntlet | Found a transporter.
 11501 | Gauntlet | Found a large runed translucent door.
 11503 | Gauntlet | Found a runed translucent gate.
 11504 | Gauntlet | Found a transporter.
 11504 | Gauntlet | Found a runed translucent gate.
 11505 | Gauntlet | Found a runed translucent gate.
 11561 | Gauntlet | Found a transporter.
 11662 | Gauntlet | Identified the ring "Zitubis" {Fire rN+ Dex+9 Stlth-}
 11684 | Gauntlet | XOM: divination: magic mapping
 11900 | Gauntlet | Identified the +9 trident "Toesy" {vamp, Fly rPois Int-3
                  | Dex+5}
 11900 | Gauntlet | Identified the ring "Tesiag" {rC+ Will+ Dex-4 Slay+4}
 11900 | Gauntlet | Noticed a minotaur
 11914 | Gauntlet | Killed a minotaur
 12090 | Lair:3   | XOM: silly message
 13058 | Lair:4   | XOM: 1-stop teleportation journey
 13072 | Lair:4   | Reached skill level 18 in Axes
 13227 | Lair:4   | Found a staircase to the Slime Pits.
 13227 | Lair:4   | Found a viscous altar of Jiyva.
 13477 | Lair:4   | Found an ornate altar of the Wu Jian Council.
 13477 | Lair:4   | Found a hide-covered altar of Uskayaw.
 13764 | Lair:5   | Entered Level 5 of the Lair of Beasts
 14234 | Lair:5   | Reached XP level 14. HP: 127/127 MP: 21/21
 14249 | Lair:5   | Found a runed translucent door.
 14787 | Lair:5   | Reached skill level 10 in Invocations
 15100 | Lair:5   | Was forgiven by Xom
 15431 | D:9      | Noticed Psyche
 15439 | D:9      | Killed Psyche
 15801 | D:9      | Found a snail-covered altar of Cheibriados.
 15985 | D:10     | Entered Level 10 of the Dungeon
 16067 | D:10     | Found a sparkling altar of Nemelex Xobeh.
 16085 | D:10     | Found a glowing golden altar of the Shining One.
 16093 | D:10     | Found a hide-covered altar of Uskayaw.
 16242 | D:10     | Reached skill level 19 in Axes
 16351 | D:10     | Reached skill level 15 in Armour
 16799 | D:10     | Found an opulent altar of Gozag.
 17490 | D:11     | Found a shimmering altar of Xom.
 18416 | D:12     | Reached ****** piety under Qazlal
 18421 | D:12     | Reached XP level 15. HP: 127/136 MP: 23/23
 18729 | D:12     | Found Tierhir's Antique Armour Emporium.
 18745 | D:12     | Bought a pair of steaming boots for 228 gold pieces
 18745 | D:12     | Identified the +0 pair of boots "Plog" {Rampage} (You
                  | bought it in a shop on level 12 of the Dungeon)
 18745 | D:12     | Bought a polished helmet for 228 gold pieces
 18745 | D:12     | Identified the +0 helmet "Lyfoxtaa" {rF+ Stlth+} (You
                  | bought it in a shop on level 12 of the Dungeon)
 19311 | D:13     | Found a portal to a secret trove of treasure.
 19347 | D:13     | Found a shadowy altar of Dithmenos.
 19409 | D:13     | Noticed Rupert
 19420 | D:13     | Paralysed by Rupert for 5 turns
 19430 | D:13     | Killed Rupert
 19431 | D:13     | Reached skill level 20 in Axes
 19912 | D:13     | Found a gate to the Vaults.
 20332 | Snake:1  | Entered Level 1 of the Snake Pit
 20818 | Snake:1  | Lost mutation: You are weak. (Str -2) [potion of mutation]
 20818 | Snake:1  | Lost mutation: You are dopey. (Int -2) [potion of mutation]
 20818 | Snake:1  | Lost mutation: You sometimes lose the ability to drink
                  | potions when taking damage. [potion of mutation]
 20818 | Snake:1  | Gained mutation: You expend magic power (3 MP) to
                  | strengthen your wands. [potion of mutation]
 20818 | Snake:1  | Gained mutation: Your flesh is heat resistant. (rF+)
                  | [potion of mutation]
 20819 | Snake:1  | Lost mutation: Your flesh is heat resistant. (rF+) [potion
                  | of mutation]
 20819 | Snake:1  | Lost mutation: You expend magic power (3 MP) to strengthen
                  | your wands. [potion of mutation]
 20819 | Snake:1  | Gained mutation: You are clumsy. (Dex -2) [potion of
                  | mutation]
 20819 | Snake:1  | Gained mutation: You have sharp toenails. [potion of
                  | mutation]
 20819 | Snake:1  | Gained mutation: You have razor-sharp toenails. [potion of
                  | mutation]
 20819 | Snake:1  | Gained mutation: Your flesh is heat resistant. (rF+)
                  | [potion of mutation]
 20872 | Snake:1  | Found Vulot's Armour Shoppe.
 20875 | Snake:1  | Found Fohoos's Assorted Antiques.
 20875 | Snake:1  | Found Gaammouh's Book Emporium.
 20883 | Snake:1  | Found Uruempy's Jewellery Emporium.
 21362 | Snake:1  | Found a shimmering altar of Xom.
 21441 | Snake:2  | Identified the +1 chain mail of the Sea {-Cast rElec rC+}
 22488 | Snake:2  | Identified the ring of Accord {rPois rF- rC+++ MP+9 Dex+3}
 22674 | Snake:2  | Found a runed translucent door.
 22690 | Snake:2  | Reached XP level 16. HP: 115/147 MP: 25/25
 22692 | Snake:2  | Reached skill level 21 in Axes
 24617 | Snake:4  | Entered Level 4 of the Snake Pit
 24626 | Snake:4  | Noticed a nagaraja
 24635 | Snake:4  | Killed a nagaraja
 24662 | Snake:3  | Reached skill level 15 in Fighting
 24865 | Snake:4  | Reached skill level 22 in Axes
 25075 | Snake:4  | Noticed a nagaraja
 25372 | Snake:4  | Noticed a nagaraja
 25376 | Snake:4  | Noticed a nagaraja
 25377 | Snake:4  | Reached XP level 17. HP: 136/156 MP: 22/27
 25383 | Snake:4  | Identified the +5 quarterstaff of Tocriude {vorpal, rC+}
 27166 | Snake:4  | Got a serpentine rune of Zot
 27520 | Vaults:1 | Entered Level 1 of the Vaults
 27553 | Vaults:1 | Lost mutation: You have razor-sharp toenails. [potion of
                  | mutation]
 27553 | Vaults:1 | Lost mutation: You are clumsy. (Dex -2) [potion of
                  | mutation]
 27553 | Vaults:1 | Lost mutation: You occasionally lose the ability to drink
                  | potions when taking damage. [potion of mutation]
 27553 | Vaults:1 | Gained mutation: You are partially covered in iridescent
                  | scales. (AC +2) [potion of mutation]
 27583 | Vaults:1 | Reached skill level 23 in Axes
 27667 | Vaults:1 | Reached skill level 1 in Dodging
 27987 | Vaults:1 | HP: 3/158 [ironbound thunderhulk/bolt of lightning (27)]
 27987 | Vaults:1 | Killed from afar by an ironbound frostheart

Illustrated notes

Levels and vault maps discovered:
D:1:      minmay_arrival_open_corners, layout_basic, serial_glass,
          glass_columns_c, glass_columns_a, minmay_tree_intersection
D:2:      layout_loops_corners, basic_altar, ebering_ecumenical_altar_hall
D:3:      layout_basic, gup_sewer_entry_glass, minmay_misc_feat_secret_circle
D:4:      layout_rooms, dk_yredelemnul_ordeal, mainiacjoe_overflow_paths,
          mainiacjoe_overflow_small_starburst
D:5:      layout_loops_ring, nicolae_qazlal_style_of_elements,
          serial_park_tiny_2, reono_crystal_passage
D:6:      layout_gridville, minmay_temple_entry_statues_fountains,
          minmay_stone_trees_small
D:7:      kennysheep_windowed_halls, layout_cave_pools, general_overflow_altar,
          serial_shops, nicolae_square_shop, serial_gnoll_camp,
          gnoll_camp_mini_basic, gnoll_camp_mini_doghouse,
          gnoll_camp_huts_basic, gnoll_camp_mini_loothouse, uniq_duvessa
D:8:      layout_loops_ring, nicolae_ru_great_annihilating_truth,
          lightli_ossuary_entry_decrepit_ruins
D:9:      layout_irregular_city, kennysheep_little_box, dpeg_oklobed_lair,
          erik_orc_4, uniq_psyche
D:10:     hangedman_screamer, layout_basic, mainiacjoe_overflow_large_starburst,
          mainiacjoe_overflow_concentric_impassable, grunt_gozag_statues,
          minmay_quadrilaterals
D:11:     layout_basic, xom_confusion_cloud
D:12:     layout_irregular_city, serial_shops, nicolae_shop_waterfront,
          kennysheep_generic_room_6
D:13:     layout_irregular_city, david_vaults_4,
          nicolae_trove_entry_free_sample, dreamdust_wishing_well,
          grunt_dithmenos_shadows, uniq_rupert
Temple:   minmay_freezing_vapour_temple
Lair:1:   layout_gridlike, minmay_lair_oklob_bushes
Lair:2:   regret_index_bee_streams, layout_regular_city,
          minmay_shoals_entry_hut, dummy_snake_entry, patterned_corridor
Lair:3:   layout_small_grid, gauntlet_entry_generic, uniq_josephine, uniq_nessos
Lair:4:   layout_roguey, minmay_slime_entry_pillars,
          nzn_masters_of_martial_movement, grunt_megastairs_4
Lair:5:   wormcave, layout_big_grid, hangedman_lair_in_review
Snake:1:  layout_honeycomb, basic_altar, minmay_shoptagon
Snake:2:  cheibrodos_toxic_ritual, layout_gridlike
Snake:3:  layout_grid_shapes, nicolae_snake_bzzzt
Snake:4:  johnstein_snake_rune_scales, layout_layer_cave,
          portal_ice_cave_entry_pillars_1, nicolae_snake_mages_go_home,
          grunt_megastairs_2
Vaults:1: vaults_dpeg_encased_lava, hangedman_vaults_stretched_pinwheel,
          ontoclasm_vaults_eye, nicolae_vaults_shelves_hall,
          ontoclasm_vaults_fault, nicolae_vaults_theta,
          nicolae_vaults_network_periphery, vaults_mumra_hex,
          layout_vaults_omnigrid, serial_shops, shop_coins

Skill      XL: |  1  2  3  4  5  6  7  8  9 10 11 12 13 14 15 16 17 |
---------------+----------------------------------------------------+-----
Axes           | 3 4 5 6 12 13 14 15 17 18 19 20 22 23 | 23.1
Fighting       | 4 5 8 9 10 11 12 13 14 15 | 15.9
Shields        | 4 7 8 9 10 11 12 13 14 | 14.9
Armour         | 4 7 8 9 10 11 13 16 18 19 | 19.4
Invocations    | 2 4 6 8 9 11 12 13 14 | 14.6
Dodging        | 1 |  1.7

Action                   |  1- 3 |  4- 6 |  7- 9 | 10-12 | 13-15 | 16-18 || total
-------------------------+-------+-------+-------+-------+-------+-------++-------
Melee: War axe           |    74 |       |       |       |       |       ||    74
       Broad axe         |    37 |    85 |   240 |   453 |   871 |   447 ||  2133
Throw: Throwing net      |       |       |       |       |     3 |       ||     3
Invok: Upheaval          |       |       |       |     2 |     7 |     1 ||    10
       Disaster Area     |       |       |       |     1 |     1 |     6 ||     8
       Elemental Force   |       |       |       |       |       |     2 ||     2
Evoke: Wand              |       |       |       |     1 |       |       ||     1
  Use: Scroll            |     5 |       |     2 |     7 |    20 |     6 ||    40
       Potion            |       |     1 |     3 |       |     5 |     8 ||    17
 Stab: Confused          |       |       |     3 |       |     2 |       ||     5
       Paralysed         |       |       |       |     1 |       |     1 ||     2
       Held in net/web   |       |       |       |       |     1 |       ||     1
       Petrifying        |       |       |       |       |     1 |       ||     1
       Petrified         |       |       |       |       |     1 |       ||     1
Armor: Scale mail        |    59 |    44 |    69 |       |       |       ||   172
       Plate armour      |       |       |    55 |   256 |   294 |       ||   605
       Ice dragon scales |       |       |       |       |    58 |   179 ||   237
Dodge: Dodged            |    46 |    36 |    82 |   132 |   228 |   103 ||   627
       Repelled          |       |       |       |     3 |    15 |    18 ||    36
Block: Buckler           |    22 |    18 |    48 |   206 |   518 |   113 ||   925
       Tower shield      |       |       |       |       |       |   455 ||   455
       Reflection        |       |       |       |       |       |     8 ||     8

Table legend: (Time is in decaauts)
 A = Elapsed time spent in this place.
 B = Non-inter-level travel time spent in this place.
 C = Inter-level travel time spent in this place.
 D = Time resting spent in this place.
 E = Time spent auto-exploring this place.
 F = Levels seen in this place.
 G = Mean time per level.
                   A        B        C        D        E       F      G
               +--------+--------+--------+--------+--------+-----+--------+
         Total |  27798 |  26571 |   1227 |   4033 |  18008 |  26 | 1069.2 |
       Dungeon |  12339 |  11599 |    740 |    376 |   8996 |  13 |  949.2 |
        Temple |     29 |     29 |      0 |      0 |     14 |   1 |   29.0 |
          Lair |   6839 |   6644 |    195 |   1621 |   4171 |   5 | 1367.8 |
     Snake Pit |   6671 |   6381 |    290 |   1807 |   3719 |   4 | 1667.8 |
        Vaults |    460 |    460 |      0 |      0 |    324 |   1 |  460.0 |
         Sewer |    743 |    743 |      0 |      0 |    533 |   1 |  743.0 |
      Gauntlet |    714 |    714 |      0 |    229 |    250 |   1 |  714.0 |
               +--------+--------+--------+--------+--------+-----+--------+

Top non-repeatable levels by time:
 Snake:3: 2586 daAuts
  Lair:2: 1929 daAuts
     D:7: 1548 daAuts
  Lair:5: 1496 daAuts
 Snake:4: 1426 daAuts
  Lair:1: 1378 daAuts
 Snake:2: 1345 daAuts
 Snake:1: 1314 daAuts
    D:10: 1193 daAuts
    D:11: 1178 daAuts
  Lair:3: 1170 daAuts
    D:13: 1032 daAuts
     D:9: 989 daAuts
     D:6: 973 daAuts
    D:12: 916 daAuts
